[Event "World Junior Chess Championship U20 2022"]
[White "Winkelman, Albert"]
[Black "Vairo, Rocco Enrico"]
[WhiteFideId "3219941"]
[BlackFideId "2839437"]
[WhiteElo "2229"]
[BlackElo "1960"]
[Result "1-0"]
[Round "02"]
[TimeControl "5400+30"]
[Date "2022.10.13"]
[WhiteClock "0:14:37"]
[BlackClock "0:12:51"]

1. e4 c5 2. Nf3 Nc6 3. d4 cxd4 4. Nxd4 Nf6 5. Nc3 e5 6. Ndb5 d6 7. Bg5 a6 8. Na3 b5 9. Bxf6 gxf6 10. Nd5 f5 11. exf5 Bxf5 12. c3 Bg7 13. Nc2 O-O 14. Nce3 Be6 15. Bd3 f5 16. Qh5 e4 17. Bc2 Ne5 18. Nf4 Bd7 19. Bb3+ Kh8 20. Ned5 a5 21. O-O a4 22. Bc2 Ra7 23. Rad1 Bf6 24. Qh6 Bc8 25. f3 Bg5 26. Qh5 exf3 27. gxf3 Rg7 28. Kh1 Rfg8 29. b3 Bxf4 30. Nxf4 Bb7 31. Ne6 Qa8 32. Nd4 Rg5 33. Qh3 Qe8 34. Rf2 Rh5 35. Qf1 Rg3 36. Re1 Qa8 37. Bd1 Rhh3 38. bxa4 bxa4 39. Qb5 Rxf3 40. Nxf3 Rxf3 41. Bxf3 Bxf3+ 42. Kg1 Qg8+ 43. Kf1 Bd5 44. Qxa4 Bc4+ 45. Ree2 Qb8 46. Qd1 Qb7 47. Kg1 Bd5 48. Rb2 Qg7+ 49. Rg2 Qa7+ 50. Qd4 1-0


[Site "http://www.chessbomb.com"]

[Event "World Junior Chess Championship U20 2022"]
[White "Andreev, Konstantin"]
[Black "Liloni, Francesco Mattia"]
[WhiteFideId "24239305"]
[BlackFideId "2872264"]
[WhiteElo "2206"]
[BlackElo "1876"]
[Result "1-0"]
[Round "02"]
[TimeControl "5400+30"]
[Date "2022.10.13"]
[WhiteClock "0:47:26"]
[BlackClock "1:02:17"]

1. e4 e5 2. Nf3 Nc6 3. Bb5 Nge7 4. Nc3 Ng6 5. d4 exd4 6. Nxd4 Bc5 7. Be3 Bxd4 8. Bxd4 Qg5 9. g3 Nxd4 10. Qxd4 Ne5 11. Be2 Nc6 12. Qc4 O-O 13. Nd5 Qe5 14. O-O-O b5 15. Qc5 Bb7 16. f4 Qxe4 17. Bd3 Qa4 18. Nf6+ Kh8 19. Nxh7 Nb4 20. Qh5 Nxd3+ 21. cxd3 Bf3 22. Qh4 Kg8 23. Ng5 Rfe8 24. Qh7+ Kf8 25. Rde1 Re2 26. Rxe2 Bxe2 27. Qh8+ Ke7 28. Qxa8 Bxd3 29. Re1+ Kf6 30. Qg2 Qc4+ 31. Kd1 Qxa2 32. Ne4+ Kg6 33. f5+ Kh7 34. Qh3+ Kg8 35. Nf6+ gxf6 36. Re8+ Kg7 37. Qh8# 1-0


[Site "http://www.chessbomb.com"]

[Event "World Junior Chess Championship U20 2022"]
[White "Vivoli, Alessandro"]
[Black "Asllani, Dorian"]
[WhiteFideId "11800240"]
[BlackFideId "1341332"]
[WhiteElo "1555"]
[BlackElo "2202"]
[Result "0-1"]
[Round "02"]
[TimeControl "5400+30"]
[Date "2022.10.13"]
[WhiteClock "0:15:41"]
[BlackClock "1:14:04"]

1. e4 c5 2. Nf3 Nc6 3. d4 cxd4 4. Nxd4 g6 5. Nc3 Bg7 6. Be3 Nf6 7. Bc4 O-O 8. Bb3 a5 9. O-O a4 10. Nxa4 Nxe4 11. Nb5 d5 12. Nb6 Ra5 13. Nxc8 Rxb5 14. a4 Rxb3 15. cxb3 d4 16. Nxe7+ Qxe7 17. Bf4 Qf6 18. Qf3 Nc5 19. Qg3 d3 20. Rac1 Nd4 21. Rfe1 Ne2+ 22. Rxe2 dxe2 23. Qe3 Nxb3 24. Rc2 Qxf4 0-1


[Site "http://www.chessbomb.com"]

[Event "World Junior Chess Championship U20 2022"]
[White "Casadio, Niccolo`"]
[Black "Porcu, Riccardo"]
[WhiteFideId "2827951"]
[BlackFideId "28536690"]
[WhiteElo "2201"]
[BlackElo "1759"]
[Result "1-0"]
[Round "02"]
[TimeControl "5400+30"]
[Date "2022.10.13"]
[WhiteClock "1:13:09"]
[BlackClock "0:42:22"]

1. d4 Nf6 2. Bf4 e6 3. e3 c5 4. Nf3 Nc6 5. c3 d5 6. Nbd2 Bd6 7. Bg3 O-O 8. Bd3 b6 9. e4 dxe4 10. Nxe4 Nxe4 11. Bxe4 Bb7 12. dxc5 Bxc5 13. Qa4 Qc8 14. Rd1 Nd8 15. Bxh7+ Kxh7 16. Qh4+ Kg8 17. Ng5 Re8 18. Qh7+ Kf8 19. Bh4 f6 20. Qh8+ Ke7 21. Qxg7+ 1-0


[Site "http://www.chessbomb.com"]

[Event "World Junior Chess Championship U20 2022"]
[White "Brahami, Lamine"]
[Black "Monferrato, Rocco"]
[WhiteFideId "7905637"]
[BlackFideId "3016536"]
[WhiteElo "2188"]
[BlackElo "1563"]
[Result "1-0"]
[Round "02"]
[TimeControl "5400+30"]
[Date "2022.10.13"]
[WhiteClock "0:17:49"]
[BlackClock "0:09:37"]

1. d4 Nf6 2. Nf3 e6 3. c4 b6 4. a3 Bb7 5. Nc3 d5 6. cxd5 Nxd5 7. e3 c5 8. Bb5+ Nc6 9. Qa4 Ne7 10. dxc5 a6 11. Be2 bxc5 12. O-O Ng6 13. Rd1 Qc7 14. Ne4 Be7 15. Bd2 O-O 16. Rac1 Qb6 17. Rc2 Nce5 18. Nxe5 Nxe5 19. Ng3 Bc6 20. Qf4 Bf6 21. Nh5 Nd7 22. Bc3 Bxc3 23. bxc3 Qa5 24. Qg5 g6 25. Rxd7 Bxd7 26. Nf6+ Kg7 27. Nxd7 Qa4 28. Qf6+ Kg8 29. Rd2 Rad8 30. Qe7 Rfe8 31. Nf6+ Kg7 32. Nxe8+ Rxe8 33. Qxc5 Qb3 34. Qd4+ Kg8 35. Qb4 Rb8 36. Rd8+ Kg7 37. Rxb8 Qc2 38. Qd4+ 1-0


[Site "http://www.chessbomb.com"]

[Event "World Junior Chess Championship U20 2022"]
[White "Ghaith, Saeed Alnuaimi"]
[Black "Stankovic, Dragan"]
[WhiteFideId "9309152"]
[BlackFideId "14408740"]
[WhiteElo "1269"]
[BlackElo "2181"]
[Result "0-1"]
[Round "02"]
[TimeControl "5400+30"]
[Date "2022.10.13"]
[WhiteClock "0:00:33"]
[BlackClock "0:02:35"]

1. d4 d5 2. c4 e6 3. Nf3 Nf6 4. g3 Bb4+ 5. Bd2 Bxd2+ 6. Nbxd2 O-O 7. Bg2 b6 8. cxd5 Nxd5 9. e4 Nf6 10. O-O Bb7 11. Qc2 Nbd7 12. Rfe1 Rc8 13. Nc4 Qe7 14. Rad1 Rfd8 15. a3 Ne8 16. d5 e5 17. Qc3 f6 18. Nh4 Nd6 19. Bh3 g6 20. f4 Ba6 21. Nd2 Nb5 22. Qc4 Qc5+ 23. Qxc5 bxc5 24. Nb3 Nd4 25. Bxd7 Rxd7 26. Nxc5 Rd6 27. Nxa6 Rxa6 28. Kf2 Rb8 29. Rd2 Rb3 30. Re3 Rab6 31. Rxb3 Rxb3 32. h3 Kf8 33. fxe5 fxe5 34. Kg2 Re3 35. Rf2+ Ke7 36. Nf3 Nxf3 37. Rxf3 Rxe4 38. Rc3 Kd7 39. Kf3 Rd4 40. Rc5 h5 41. Ra5 Kd6 42. Rxa7 Rxd5 43. Ra6+ c6 44. Ke2 Rc5 45. Kd2 Kd5 46. Ra4 g5 47. Rb4 Ra5 48. Kd3 Ra8 49. Rb7 Rf8 50. Ke2 h4 51. g4 Ke4 52. Rb4+ Kd5 53. Rb7 c5 54. b3 Ke4 55. a4 Rf3 56. a5 Rxh3 57. a6 Rh2+ 58. Kf1 Ra2 59. a7 Kf3 60. Rf7+ Kxg4 61. Re7 Kf4 62. Rf7+ Kg3 0-1


[Site "http://www.chessbomb.com"]

[Event "World Junior Chess Championship U20 2022"]
[White "Hercegovac, Neven"]
[Black "Abdulla, Younes Alkhemeiri"]
[WhiteFideId "2839135"]
[BlackFideId "9324577"]
[WhiteElo "2175"]
[BlackElo "1405"]
[Result "1-0"]
[Round "02"]
[TimeControl "5400+30"]
[Date "2022.10.13"]
[WhiteClock "0:09:40"]
[BlackClock "0:40:20"]

1. e4 c5 2. Nc3 d6 3. Nge2 Nf6 4. d4 cxd4 5. Nxd4 e6 6. g3 Be7 7. Bg2 Nc6 8. O-O O-O 9. Be3 Bd7 10. Nxc6 Bxc6 11. a4 a5 12. f4 Nd7 13. Qd2 f5 14. Rfe1 Nf6 15. exf5 Bxg2 16. Qxg2 exf5 17. Qxb7 Rb8 18. Qa7 Rxb2 19. Bd4 Rf7 20. Nd5 Bf8 21. Ne7+ Bxe7 22. Bxb2 Ne4 23. Rad1 d5 24. Bd4 Bb4 25. Qa6 Bxe1 26. Rxe1 Re7 27. Kg2 Nc5 28. Qf1 Nxa4 29. Rxe7 Qxe7 30. Qb5 Qe4+ 31. Kh3 h6 32. Qb8+ Kh7 33. Qa7 1-0


[Site "http://www.chessbomb.com"]

[Event "World Junior Chess Championship U20 2022"]
[White "Atanasov, Anthony"]
[Black "Salem, Muhsan Shuaib"]
[WhiteFideId "2623897"]
[BlackFideId "9325824"]
[WhiteElo "2148"]
[BlackElo "1227"]
[Result "1-0"]
[Round "02"]
[TimeControl "5400+30"]
[Date "2022.10.13"]
[WhiteClock "0:41:29"]
[BlackClock "0:26:57"]

1. d4 d5 2. Bf4 Nf6 3. e3 c5 4. Nf3 Bf5 5. Nbd2 e6 6. c3 Nbd7 7. Be2 Be7 8. Nh4 Be4 9. f3 Bg6 10. Nxg6 hxg6 11. Bg3 O-O 12. O-O cxd4 13. cxd4 Rc8 14. Qb3 Qb6 15. Rac1 Bb4 16. Nb1 Ba5 17. Qa3 Bb4 18. Qa4 Qa5 19. Qb3 Qb6 20. Rfd1 Ba5 21. Qa3 Bb4 22. Qa4 Qa5 23. Qb3 Qb6 24. Kf1 Ba5 25. Qa3 Bb4 26. Qa4 Qa5 27. Qxa5 Bxa5 28. Bd6 Rfe8 29. b4 Bb6 30. a4 a6 31. a5 Ba7 32. b5 axb5 33. Bxb5 Bb8 34. Bxb8 Rxb8 35. g4 Red8 36. Rc7 Nf8 37. Rdc1 Ne8 38. Bxe8 Rxe8 39. Nc3 Rec8 40. Nxd5 Rxc7 41. Nxc7 Rc8 42. e4 Nd7 43. d5 exd5 44. exd5 Ne5 45. Ke2 Nc6 46. Rxc6 bxc6 47. d6 1-0


[Site "http://www.chessbomb.com"]

[Event "World Junior Chess Championship U20 2022"]
[White "Ahmed, Younes Alkhemeiri"]
[Black "Cotic, Borna"]
[WhiteFideId "9324585"]
[BlackFideId "14542307"]
[WhiteElo "1139"]
[BlackElo "2133"]
[Result "0-1"]
[Round "02"]
[TimeControl "5400+30"]
[Date "2022.10.13"]
[WhiteClock "0:48:11"]
[BlackClock "0:19:31"]

1. e4 c5 2. Nf3 e6 3. d4 cxd4 4. Nxd4 Nc6 5. Nxc6 bxc6 6. Bd3 Nf6 7. Nd2 d5 8. O-O Be7 9. b3 O-O 10. Bb2 Qb6 11. Qe2 a5 12. c4 Ba6 13. a3 Rfd8 14. Rfd1 h6 15. h3 Rd7 16. Bc3 d4 17. Bb2 e5 18. Rab1 c5 19. Nf3 Qc7 20. Nh4 Rdd8 21. Nf5 Bc8 22. Nxe7+ Qxe7 23. Qf3 Nh7 24. Qg3 Ra6 25. f4 Rg6 26. Qf3 exf4 27. e5 Ng5 28. Qe2 Nxh3+ 29. Kh2 Rg3 30. gxh3 Rxh3+ 31. Kg1 Qg5+ 0-1


[Site "http://www.chessbomb.com"]

[Event "World Junior Chess Championship U20 2022"]
[White "Stefansson, Vignir Vatnar"]
[Black "Esipenko, Andrey"]
[WhiteFideId "2308649"]
[BlackFideId "24175439"]
[WhiteElo "2471"]
[BlackElo "2668"]
[Result "1/2-1/2"]
[Round "03"]
[TimeControl "5400+30"]
[Date "2022.10.13"]
[WhiteClock "0:27:45"]
[BlackClock "0:36:49"]

1. Nf3 d5 2. d4 Nf6 3. c4 e6 4. Nc3 Bb4 5. e3 O-O 6. Bd2 b6 7. cxd5 exd5 8. Bd3 Re8 9. O-O Bd6 10. Qc2 c5 11. b3 Nc6 12. dxc5 bxc5 13. a3 Bg4 14. Ne2 Bxf3 15. gxf3 Ne5 16. Kg2 Qd7 17. Ng3 Qb7 18. Rab1 Rad8 19. Rfd1 d4 20. e4 Nxd3 21. Qxd3 Nd7 22. f4 Nf8 23. f3 Ng6 24. e5 Bf8 25. Re1 Qd5 26. Kf2 Rb8 27. Qe4 Qd7 28. Qf5 Qd5 29. Qe4 Qd8 30. Nf5 Qd7 31. h4 h5 32. Ng3 a5 33. a4 c4 34. bxc4 Rxb1 35. Qxb1 Bb4 36. e6 Rxe6 37. Rxe6 Qxe6 38. f5 Qe8 39. fxg6 Bxd2 40. gxf7+ Qxf7 41. Qb5 d3 1/2-1/2


[Site "http://www.chessbomb.com"]

[Event "World Junior Chess Championship U20 2022"]
[White "Kosakowski, Jakub"]
[Black "Svane, Frederik"]
[WhiteFideId "1185080"]
[BlackFideId "12923044"]
[WhiteElo "2465"]
[BlackElo "2566"]
[Result "0-1"]
[Round "03"]
[TimeControl "5400+30"]
[Date "2022.10.13"]
[WhiteClock "0:22:24"]
[BlackClock "0:36:26"]

1. e4 e5 2. Nf3 Nc6 3. Bb5 a6 4. Ba4 Nf6 5. O-O Bc5 6. Bxc6 dxc6 7. d3 Nd7 8. Nbd2 O-O 9. Nc4 Re8 10. Bg5 f6 11. Be3 Bf8 12. Na5 Nb8 13. c3 b6 14. Nc4 c5 15. a3 a5 16. d4 exd4 17. cxd4 cxd4 18. Nxd4 Rxe4 19. Qb3 Qd5 20. Rfd1 Bb7 21. f3 Re8 22. Nb5 Rxe3 23. Qxe3 Qxb5 24. Qe6+ Kh8 25. Rd8 Nc6 26. Rxa8 Bxa8 27. Qc8 Qxc4 28. Qxf8+ Qg8 29. Qxg8+ Kxg8 30. Rd1 Kf7 31. Rd7+ Ne7 32. Rxc7 Ke6 33. b4 axb4 34. axb4 Kd6 35. Ra7 Bc6 36. Kf2 g5 37. Ke3 h5 38. Kd2 Nd5 39. Rh7 h4 40. Rh6 Ke5 41. g3 hxg3 42. hxg3 Nxb4 43. f4+ gxf4 44. Rh5+ Ke4 45. gxf4 Nd5 46. Rh8 Bb5 47. Rh5 Bc4 48. f5 b5 49. Kc2 Kf4 0-1


[Site "http://www.chessbomb.com"]

[Event "World Junior Chess Championship U20 2022"]
[White "Stoyanov, Tsvetan"]
[Black "Murzin, Volodar"]
[WhiteFideId "2917173"]
[BlackFideId "44155573"]
[WhiteElo "2449"]
[BlackElo "2557"]
[Result "1/2-1/2"]
[Round "03"]
[TimeControl "5400+30"]
[Date "2022.10.13"]
[WhiteClock "0:22:38"]
[BlackClock "0:18:37"]

1. c4 c6 2. Nf3 d5 3. e3 Nf6 4. Nc3 e6 5. b3 Bd6 6. Bb2 e5 7. cxd5 cxd5 8. Nb5 Nc6 9. Nxd6+ Qxd6 10. Bb5 e4 11. Ne5 O-O 12. Bxc6 bxc6 13. Rc1 Bb7 14. Qc2 Nd7 15. Qc3 f6 16. Nxd7 Qxd7 17. d3 exd3 18. Qxd3 a5 19. Qc3 Ba6 20. f3 Rfc8 21. Kf2 c5 22. Rhd1 a4 23. Qd2 axb3 24. axb3 Bb7 25. Bc3 Qb5 26. b4 cxb4 27. Bxb4 Rxc1 28. Rxc1 Rc8 29. Rxc8+ Bxc8 30. Qc3 Qc4 31. Qxc4 dxc4 32. e4 f5 33. exf5 Bxf5 34. Ke3 1/2-1/2


[Site "http://www.chessbomb.com"]

[Event "World Junior Chess Championship U20 2022"]
[White "Ghimpu, Samuel-Timotei"]
[Black "Sonis, Francesco"]
[WhiteFideId "1238175"]
[BlackFideId "895733"]
[WhiteElo "2434"]
[BlackElo "2531"]
[Result "1/2-1/2"]
[Round "03"]
[TimeControl "5400+30"]
[Date "2022.10.13"]
[WhiteClock "0:02:46"]
[BlackClock "0:07:12"]

1. d4 Nf6 2. c4 e6 3. Nc3 Bb4 4. Qc2 d5 5. a3 Bxc3+ 6. Qxc3 O-O 7. e3 b6 8. Nf3 a5 9. b3 Nbd7 10. Be2 Bb7 11. O-O c5 12. Rd1 Rc8 13. a4 Qc7 14. Ba3 Rfd8 15. Rac1 Qb8 16. Bb2 dxc4 17. bxc4 cxd4 18. exd4 Nd5 19. Qb3 Nf4 20. Bf1 Qa8 21. Nh4 Ng6 22. Nxg6 hxg6 23. Qg3 Nf6 24. Qh4 Be4 25. Re1 Bf5 26. Re5 Qc6 27. Rb5 Ne4 28. f3 g5 29. Qe1 Nd6 30. d5 Qc7 31. Rb3 Qc5+ 32. Qf2 Qxf2+ 33. Kxf2 exd5 34. cxd5 Rxc1 35. Bxc1 Nc8 36. Bxg5 Rxd5 37. Be3 Bd7 38. Rc3 Nd6 39. Ra3 Nc8 40. Ba6 Rd6 1/2-1/2


[Site "http://www.chessbomb.com"]

[Event "World Junior Chess Championship U20 2022"]
[White "Sokolovsky, Yahli"]
[Black "Batsuren, Dambasuren"]
[WhiteFideId "2820242"]
[BlackFideId "4902920"]
[WhiteElo "2416"]
[BlackElo "2522"]
[Result "1/2-1/2"]
[Round "03"]
[TimeControl "5400+30"]
[Date "2022.10.13"]
[WhiteClock "0:14:54"]
[BlackClock "0:11:54"]

1. e4 c6 2. Nf3 d5 3. Nc3 dxe4 4. Nxe4 Nf6 5. Qe2 Nxe4 6. Qxe4 Nd7 7. d4 Nf6 8. Qe3 Bf5 9. Qb3 Qc7 10. Be2 e6 11. Ne5 Bd6 12. Nc4 Be7 13. Bg5 O-O 14. O-O Rad8 15. Rad1 Nd5 16. Bxe7 Qxe7 17. Bf3 Nf6 18. Rfe1 Bg4 19. Bxg4 Nxg4 20. h3 Nf6 21. Rd3 Nd5 22. Red1 h5 23. R3d2 Qb4 24. Ne5 Qxb3 25. axb3 Ne7 26. Ra1 a6 27. Ra5 Rd5 28. Rxd5 cxd5 29. c3 Nf5 30. Rd1 Nd6 31. Ra1 Rc8 32. Kf1 Kf8 33. Ra5 Ke7 34. Ke2 g5 35. Ra1 Rg8 36. Rh1 1/2-1/2


[Site "http://www.chessbomb.com"]

[Event "World Junior Chess Championship U20 2022"]
[White "Barseghyan, Armen Ar."]
[Black "Kozak, Adam"]
[WhiteFideId "13306707"]
[BlackFideId "753246"]
[WhiteElo "2402"]
[BlackElo "2516"]
[Result "0-1"]
[Round "03"]
[TimeControl "5400+30"]
[Date "2022.10.13"]
[WhiteClock "0:01:02"]
[BlackClock "0:06:48"]

1. d4 Nf6 2. c4 e6 3. Nf3 d5 4. Nc3 c6 5. Bg5 h6 6. Bxf6 Qxf6 7. e3 Nd7 8. Bd3 dxc4 9. Bxc4 g6 10. O-O Bg7 11. Re1 O-O 12. e4 b5 13. e5 Qe7 14. Bf1 Rd8 15. Qb3 Bb7 16. Rac1 c5 17. Nxb5 a6 18. Nc7 Rab8 19. Qa3 Bxf3 20. Nxa6 Bd5 21. Nxb8 Rxb8 22. dxc5 Nxe5 23. Qg3 Qc7 24. b3 Rb4 25. h3 g5 26. Re3 Rf4 27. a3 Ng6 28. b4 Bd4 29. Re2 Rxf2 30. Qxf2 Bxf2+ 31. Rxf2 Qg3 32. Rfc2 Nf4 33. Rc3 Ne2+ 0-1


[Site "http://www.chessbomb.com"]

[Event "World Junior Chess Championship U20 2022"]
[White "Mladek, Richard"]
[Black "Kacharava, Nikolozi"]
[WhiteFideId "386588"]
[BlackFideId "13611860"]
[WhiteElo "2371"]
[BlackElo "2512"]
[Result "0-1"]
[Round "03"]
[TimeControl "5400+30"]
[Date "2022.10.13"]
[WhiteClock "0:14:16"]
[BlackClock "0:15:37"]

1. d4 d5 2. c4 e6 3. Nf3 Nf6 4. Nc3 c6 5. e3 Nbd7 6. Be2 Bd6 7. O-O O-O 8. b3 b6 9. Bb2 Bb7 10. Bd3 Qe7 11. Re1 c5 12. cxd5 exd5 13. Nb5 Bb8 14. dxc5 bxc5 15. Ba3 Ne4 16. Rc1 f5 17. Nc3 a6 18. Bf1 Ndf6 19. Nxe4 Nxe4 20. g3 Bc7 21. Re2 Rad8 22. Qd4 Bb6 23. Qa4 a5 24. Rec2 Qe6 25. Nd2 Nxf2 26. Kxf2 f4 27. gxf4 c4 0-1


[Site "http://www.chessbomb.com"]

[Event "World Junior Chess Championship U20 2022"]
[White "Gadimbayli, Abdulla"]
[Black "Vestby-Ellingsen, Mads"]
[WhiteFideId "13404938"]
[BlackFideId "1520857"]
[WhiteElo "2499"]
[BlackElo "2365"]
[Result "1-0"]
[Round "03"]
[TimeControl "5400+30"]
[Date "2022.10.13"]
[WhiteClock "0:14:29"]
[BlackClock "0:00:33"]

1. e4 e5 2. Nf3 Nc6 3. Bb5 a6 4. Ba4 Nf6 5. d4 exd4 6. O-O Be7 7. e5 Ne4 8. Nxd4 Nc5 9. Nf5 O-O 10. Qg4 g6 11. Bxc6 dxc6 12. Nxe7+ Qxe7 13. Qg3 Re8 14. Re1 f6 15. Nc3 Bf5 16. Bf4 Bxc2 17. Re3 fxe5 18. Bxe5 Qf7 19. Rae1 Bf5 20. h4 Nd7 21. Bxc7 Rxe3 22. Qxe3 Nf6 23. Bb6 Re8 24. Qd2 Rxe1+ 25. Qxe1 Qe6 26. Qd2 Nd5 27. Bd4 Nxc3 28. Bxc3 Qd5 29. Qf4 Qd7 30. Qe5 h5 31. Qh8+ Kf7 32. Qg7+ Ke8 33. Qh8+ Kf7 34. Qf6+ Ke8 35. Bb4 Qf7 36. Qh8+ Kd7 37. Qb8 Qc4 38. Qxb7+ Kd8 39. Qe7+ Kc8 40. Bd6 Qc1+ 41. Kh2 1-0


[Site "http://www.chessbomb.com"]

[Event "World Junior Chess Championship U20 2022"]
[White "Jakab, Bela"]
[Black "Zhu, Jiner"]
[WhiteFideId "14933128"]
[BlackFideId "8608059"]
[WhiteElo "2353"]
[BlackElo "2484"]
[Result "1/2-1/2"]
[Round "03"]
[TimeControl "5400+30"]
[Date "2022.10.13"]
[WhiteClock "0:35:32"]
[BlackClock "0:46:00"]

1. e4 c5 2. c3 d5 3. exd5 Qxd5 4. d4 Nc6 5. Nf3 Nf6 6. Be3 cxd4 7. cxd4 e6 8. Nc3 Qd6 9. Bd3 Be7 10. O-O O-O 11. Nb5 Qd8 12. Ne5 Nxe5 13. dxe5 Nd5 14. Bd4 Bd7 15. Nc3 Bc6 16. Re1 Rc8 17. Be4 Nxc3 18. Bxc3 Bxe4 19. Rxe4 Qb6 20. Qe2 Rfd8 21. Rd1 Bc5 22. Rxd8+ Rxd8 23. h3 g6 24. Qc2 Rd5 25. Re2 Qd8 26. Rd2 b5 27. a3 h5 28. Rxd5 Qxd5 29. Qe2 Kg7 30. Kh2 Qb3 31. Qf3 Qc2 32. Qf6+ Kg8 33. Bd4 Bxd4 34. Qd8+ Kg7 35. Qxd4 Qe2 36. f4 a5 37. Qd8 Qe4 38. Qf6+ Kg8 39. Qd8+ Kg7 40. Qf6+ Kg8 41. Qd8+ Kg7 1/2-1/2


[Site "http://www.chessbomb.com"]

[Event "World Junior Chess Championship U20 2022"]
[White "Samunenkov, Ihor"]
[Black "Yaniv, Yuval"]
[WhiteFideId "14187086"]
[BlackFideId "2823900"]
[WhiteElo "2473"]
[BlackElo "2359"]
[Result "1-0"]
[Round "03"]
[TimeControl "5400+30"]
[Date "2022.10.13"]
[WhiteClock "0:17:28"]
[BlackClock "0:01:05"]

1. d4 d5 2. c4 e6 3. Nc3 Nf6 4. cxd5 exd5 5. Bg5 c6 6. e3 h6 7. Bh4 Be7 8. Bd3 O-O 9. Nge2 Re8 10. O-O Nbd7 11. f3 b5 12. Qc2 Bb7 13. Rae1 Rc8 14. Bf5 c5 15. dxc5 Rxc5 16. Qb3 Rc4 17. Nd4 Nc5 18. Qd1 b4 19. Nb1 b3 20. Nd2 Rb4 21. a3 Rb6 22. N2xb3 Nxb3 23. Nxb3 Ba6 24. Rf2 Qb8 25. Bg3 Qb7 26. Na5 Qa8 27. Bc7 Bc5 28. Qc1 Bc8 29. Qxc5 Bxf5 30. Bxb6 axb6 31. Qxb6 Nd7 32. Qc7 Ne5 33. Rd1 Nd3 34. Rfd2 Rxe3 35. Nc6 Qf8 36. Qd8 Re8 37. Qxd5 Nxb2 38. Rxb2 Qxa3 39. Rf2 1-0


[Site "http://www.chessbomb.com"]

[Event "World Junior Chess Championship U20 2022"]
[White "Nesterov, Arseniy"]
[Black "Prraneeth, Vuppala"]
[WhiteFideId "24198455"]
[BlackFideId "46622373"]
[WhiteElo "2567"]
[BlackElo "2451"]
[Result "1/2-1/2"]
[Round "03"]
[TimeControl "5400+30"]
[Date "2022.10.13"]
[WhiteClock "0:18:29"]
[BlackClock "0:28:59"]

1. d4 Nf6 2. c4 e6 3. g3 d5 4. Bg2 dxc4 5. Nf3 c5 6. O-O Nc6 7. Na3 cxd4 8. Nxc4 Bc5 9. a3 a5 10. Bf4 Nd5 11. Nfe5 Nxf4 12. Nxc6 bxc6 13. gxf4 O-O 14. Ne5 Bb7 15. Rc1 Ba7 16. Bxc6 Bxc6 17. Nxc6 Qf6 18. Qd2 Bb8 19. Qxd4 Qh4 20. Rc4 Qg4+ 21. Kh1 Qxe2 22. Rg1 e5 23. fxe5 Ba7 24. Qg4 Qxg4 25. Rcxg4 Bxf2 26. R1g2 Bc5 27. Rc2 Bb6 28. b4 axb4 29. Rxb4 Be3 30. a4 Rfe8 31. a5 h5 32. Kg2 Re6 33. Kf3 Bg1 34. h3 Ra6 35. Rb8+ Kh7 36. Rc8 f6 37. Ke4 fxe5 38. Kd5 Rf6 39. Kxe5 Bf2 40. Kd5 Be1 41. Rc5 Bxa5 42. Nxa5 Rxa5 43. Rxa5 Rf5+ 44. Ke4 Rxa5 45. Kf3 Rg5 46. Rc4 1/2-1/2


[Site "http://www.chessbomb.com"]

[Event "World Junior Chess Championship U20 2022"]
[White "Ivic, Velimir"]
[Black "Boyer, Mahel"]
[WhiteFideId "950122"]
[BlackFideId "45102422"]
[WhiteElo "2553"]
[BlackElo "2445"]
[Result "1-0"]
[Round "03"]
[TimeControl "5400+30"]
[Date "2022.10.13"]
[WhiteClock "0:16:49"]
[BlackClock "0:00:57"]

1. e4 e6 2. d4 d5 3. Nc3 Nf6 4. e5 Nfd7 5. f4 c5 6. Nf3 Nc6 7. Be3 a6 8. Be2 b5 9. a3 Bb7 10. O-O Be7 11. Na2 O-O 12. Nc1 cxd4 13. Nxd4 Nc5 14. c3 Ne4 15. Ncb3 Nxd4 16. Nxd4 Bc5 17. Bd3 f5 18. Kh1 Qe7 19. Qe2 Kh8 20. Nf3 Rac8 21. Bxc5 Nxc5 22. Nd4 Rg8 23. Bc2 g5 24. g4 gxf4 25. gxf5 Qh4 26. Qf2 Qh3 27. Rg1 Ne4 28. Qxf4 Qh6 29. Qf3 exf5 30. Raf1 Nd2 31. Rxg8+ Rxg8 32. Qf4 Qxf4 33. Rxf4 Nc4 34. e6 Nxb2 35. Rxf5 Bc8 36. Rf7 Rg7 37. Rf8+ Rg8 38. e7 Bd7 39. Bf5 Bxf5 40. Rxg8+ 1-0


[Site "http://www.chessbomb.com"]

[Event "World Junior Chess Championship U20 2022"]
[White "Budisavljevic, Luka"]
[Black "Petriashvili, Nikoloz"]
[WhiteFideId "960047"]
[BlackFideId "13611216"]
[WhiteElo "2524"]
[BlackElo "2428"]
[Result "1/2-1/2"]
[Round "03"]
[TimeControl "5400+30"]
[Date "2022.10.13"]
[WhiteClock "0:09:11"]
[BlackClock "0:26:13"]

1. Nf3 Nf6 2. c4 g6 3. Nc3 d6 4. e4 c5 5. d4 cxd4 6. Nxd4 Nc6 7. Be2 Bg7 8. Be3 O-O 9. h3 Bd7 10. O-O Rc8 11. Rc1 a6 12. Nf3 Qa5 13. c5 Qb4 14. cxd6 exd6 15. Nd2 Be6 16. Rb1 d5 17. a3 Qe7 18. exd5 Nxd5 19. Nxd5 Bxd5 20. Bg4 Rcd8 21. Bb6 h5 22. Re1 Qf6 23. Bxd8 Rxd8 24. Bxh5 Ba2 25. Rc1 gxh5 26. Ne4 Qg6 27. Qf3 Bd5 28. Rcd1 Nd4 29. Qd3 f5 30. Qg3 Qxg3 31. Nxg3 h4 32. Nh5 Bh8 33. Nf4 Bc6 34. Kh1 Kf7 35. Rd3 Be4 36. Rd2 Be5 37. Nd3 Bf6 38. Nc5 Bc6 39. Red1 Rg8 40. f3 Nxf3 41. Rd7+ Ke8 42. Rc7 Nd4 43. Rc8+ Kf7 44. Rxg8 Kxg8 45. b4 Kf7 46. a4 Kg6 47. Re1 f4 48. Rb1 Ne2 49. b5 axb5 50. axb5 Bd5 51. Rd1 f3 52. Rxd5 f2 53. Rd1 Ng3+ 54. Kh2 f1=Q 55. Rxf1 Nxf1+ 56. Kh1 b6 57. Nd7 Ng3+ 58. Kh2 Bd4 59. Nb8 Kf5 60. Nc6 Ke4 61. Ne7 Bc5 62. Ng6 Nf5 63. Kh1 Bd6 64. Nh8 Kd5 65. Nf7 Bg3 66. Kg1 Ne3 1/2-1/2


[Site "http://www.chessbomb.com"]

[Event "World Junior Chess Championship U20 2022"]
[White "Seo, Jung Min"]
[Black "Milikow, Yoav"]
[WhiteFideId "1734687"]
[BlackFideId "2822237"]
[WhiteElo "2520"]
[BlackElo "2412"]
[Result "1/2-1/2"]
[Round "03"]
[TimeControl "5400+30"]
[Date "2022.10.13"]
[WhiteClock "0:51:21"]
[BlackClock "1:21:05"]

1. e4 e5 2. Nf3 Nf6 3. Nxe5 d6 4. Nf3 Nxe4 5. d4 d5 6. Bd3 Bd6 7. O-O O-O 8. c4 c6 9. Nc3 Bf5 10. Qb3 Qd7 11. Re1 Nxc3 12. Bxf5 Qxf5 13. bxc3 b6 14. cxd5 cxd5 15. Qb5 Qd7 16. a4 Qxb5 17. axb5 a5 18. bxa6 Nxa6 19. Ba3 Bxa3 20. Rxa3 Nc7 21. Rb3 b5 22. g3 f6 23. Nh4 g6 24. Ng2 Kf7 25. h4 Ra2 26. Kf1 Rfa8 27. Ne3 h5 28. Re2 Rxe2 29. Kxe2 Ra2+ 30. Kf3 Ke6 1/2-1/2


[Site "http://www.chessbomb.com"]

[Event "World Junior Chess Championship U20 2022"]
[White "Petkov, Momchil"]
[Black "Kanyamarala, Tarun"]
[WhiteFideId "2921642"]
[BlackFideId "45004714"]
[WhiteElo "2511"]
[BlackElo "2407"]
[Result "1-0"]
[Round "03"]
[TimeControl "5400+30"]
[Date "2022.10.13"]
[WhiteClock "0:07:08"]
[BlackClock "0:03:09"]

1. d4 Nf6 2. Nf3 d5 3. Bf4 c5 4. e3 e6 5. c3 Bd6 6. Bb5+ Nc6 7. Bxc6+ bxc6 8. Bxd6 Qxd6 9. Qa4 Nd7 10. Qa3 Rb8 11. Nbd2 Qe7 12. Qxa7 Rxb2 13. O-O cxd4 14. cxd4 c5 15. dxc5 Nxc5 16. Qa3 Rb7 17. Rac1 Rc7 18. Rc3 Na6 19. Rxc7 Qxa3 20. Rxc8+ Ke7 21. Rxh8 Nc5 22. Rxh7 Kf6 23. Rh4 Qxa2 24. e4 g6 25. exd5 exd5 26. Rb4 Qc2 27. Rd4 Qa2 28. Nb1 Ne6 29. Nc3 Qa3 30. Nxd5+ Kg7 31. Rd2 Qa5 32. Rfd1 Nc5 33. Rd4 Nb3 34. Rf4 Nc5 35. Ng5 1-0


[Site "http://www.chessbomb.com"]